 Dungeon Crawl Stone Soup version 0.23.0 (webtiles) character file.

Game seed: 16354117677196060330

44169 silenth the Severer (level 14, -5/130 HPs)
             Began as a Hill Orc Monk on Feb 19, 2019.
             Was a High Priest of Beogh.
             Slain by a komodo dragon (22 damage)
             ... on level 6 of the Lair of Beasts.
             The game lasted 00:31:56 (16091 turns).

silenth the Severer (Hill Orc Monk)                Turns: 16091, Time: 00:31:57

Health: -5/130     AC: 23    Str: 29    XL:     14   Next: 27%
Magic:  24/24      EV: 11    Int: 13    God:    Beogh [*****.]
Gold:   1237       SH:  4    Dex: 11    Spells: 18/21 levels left

rFire    + . .     SeeInvis .   a - +5 war axe (elec)
rCold    + . .     Gourm    .   D - +0 buckler
rNeg     + . .     Faith    .   s - +2 scale mail {rC+}
rPois    +         Spirit   .   I - +2 helmet {Int+3}
rElec    .         Reflect  .   R - +1 cloak {rF+}
rCorr    .         Harm     .   S - +2 pair of gloves
MR       ++...                  Q - +2 pair of boots {run}
Stlth    ..........             f - amulet "Natockan" {rPois rN+ Regen+ Str+10 Dex-4}
HPRegen  0.71/turn              T - +2 ring of dexterity
MPRegen  0.19/turn              m - ring of protection from magic

@: quick
A: walk on water
a: Smiting, Recall Orcish Followers, Give Item to Named Follower, Renounce
Religion


You were on level 6 of the Lair of Beasts.
You worshipped Beogh.
Beogh was extremely pleased with you.
You were not hungry.

You visited 2 branches of the dungeon, and saw 17 of its levels.
You also visited: Volcano.

You collected 1237 gold pieces.

Inventory:

Hand Weapons
 a - a +5 war axe of electrocution (weapon)
 b - a +0 morningstar of crushing
Armour
 s - a +2 scale mail of cold resistance (worn)
 D - a +0 buckler (worn)
 G - a +0 plate armour
 I - a +2 helmet of intelligence (worn)
 M - a +0 chain mail of fire resistance
 Q - a +2 pair of boots of running (worn)
 R - a +1 cloak of fire resistance (worn)
 S - a +2 pair of gloves (worn)
Jewellery
 f - the amulet "Natockan" (around neck) {rPois rN+ Regen+ Str+10 Dex-4}
   (You found it on level 1 of the Lair of Beasts)

   [amulet of regeneration]

   It affects your strength (+10).
   It affects your dexterity (-4).
   It protects you from poison.
   It protects you from negative energy.
   It increases your rate of regeneration.
 k - an uncursed ring of ice
 m - a ring of protection from magic (right hand)
 p - an uncursed ring of poison resistance
 x - an uncursed amulet of faith
 y - an uncursed ring of protection from fire
 T - a +2 ring of dexterity (left hand)
Wands
 i - a wand of acid (4)
 o - a wand of iceblast (30)
 w - a wand of flame (9)
 H - a wand of disintegration (20)
 J - a wand of digging (5)
 K - a wand of polymorph (16)
Scrolls
 c - 4 scrolls of identify
 j - 6 scrolls of teleportation
 n - 4 scrolls of blinking
 r - 5 scrolls of remove curse
 u - 2 scrolls of fog
 A - a scroll of magic mapping
 C - a scroll of vulnerability
 E - 5 scrolls of fear
 L - 3 scrolls of immolation
Potions
 d - 2 potions of heal wounds
 g - a potion of ambrosia
 h - 2 potions of lignification
 l - 2 potions of resistance
 q - 2 potions of agility
 t - 3 potions of flight
 v - 2 potions of brilliance
 B - 3 potions of cancellation
 F - 6 potions of curing
 N - 2 potions of mutation
 O - a potion of berserk rage
 P - 3 potions of might
Comestibles
 e - 27 rations
 z - 4 chunks of flesh


   Skills:
 + Level 13.7 Fighting
 - Level 16.0 Axes
 * Level 10.5 Armour
 - Level 2.4 Dodging
 - Level 1.5 Stealth
 - Level 4.0 Shields
 - Level 4.0 Spellcasting
 - Level 3.0 Hexes
 - Level 4.0 Translocations
 + Level 13.9 Invocations
 - Level 4.0 Evocations


You had 18 spell levels left.
You knew the following spells:

 Your Spells              Type           Power        Failure   Level  Hunger
a - Confusing Touch       Hex            ##....       11%         1    None
b - Blink                 Tloc           N/A          11%         2    ##.....

Your spell library contained the following spells:

 Spells                   Type           Power        Failure   Level  Hunger
 Slow                     Hex            ##......     17%         2    ##.....
 Gell's Gravitas          Tloc           ##........   22%         3    ###....
 Shroud of Golubria       Chrm/Tloc      #.........   26%         2    ##.....
 Confuse                  Hex            ##......     32%         3    ###....
 Beastly Appendage        Tmut           #.....       36%         1    None
 Freeze                   Ice            #...         36%         1    None
 Infusion                 Chrm           #...         36%         1    None
 Magic Dart               Conj           #...         36%         1    None
 Shock                    Conj/Air       #...         36%         1    None
 Call Imp                 Summ           #.......     50%         2    ##.....
 Song of Slaying          Chrm           #.......     50%         2    ##.....
 Sticks to Snakes         Tmut           #.......     50%         2    ##.....
 Swiftness                Chrm/Air       #.......     50%         2    ##.....
 Throw Frost              Conj/Ice       #.....       50%         2    ##.....
 Spectral Weapon          Hex/Chrm       #.......     52%         3    ###....
 Conjure Flame            Conj/Fire      #.......     75%         3    ###....
 Mephitic Cloud           Conj/Pois/Air  #.......     75%         3    ###....
 Ozocubu's Armour         Chrm/Ice       #.......     75%         3    ###....
 Regeneration             Chrm/Necr      #.........   75%         3    ###....
 Spider Form              Tmut/Pois      #.........   75%         3    ###....
 Static Discharge         Conj/Air       #.......     75%         3    ###....
 Airstrike                Air            #.........   98%         4    ####...
 Ice Form                 Ice/Tmut       #.......     98%         4    ####...
 Petrify                  Tmut/Erth      #.......     98%         4    ####...
 Summon Ice Beast         Ice/Summ       #.......     98%         4    ####...
 Throw Icicle             Conj/Ice       #.......     98%         4    ####...
 Metabolic Englaciation   Hex/Ice        #.........   99%         5    ######.
 Yara's Violent Unravell  Hex/Tmut       #.........   99%         5    ######.
 Blade Hands              Tmut           #.........   100%        5    ######.
 Lightning Bolt           Conj/Air       #.........   100%        5    ######.


Dungeon Overview and Level Annotations

Branches:
Dungeon (11/15)            Temple (0/1) D:4            Lair (6/6) D:9
 Shoals (0/4) Lair:3       Spider (0/4) Lair:3          Orc (0/2) D:9
  Slime: Lair:5-6

Altars:
Ru
Uskayaw
Xom
Yredelemnul
Zin
The Shining One
Beogh

Shops:
D:4 }   D:11 =%[[(

Annotations:
D:9 3 runed translucent doors, Dantiko's ghost, journeyman HOFi
D:11 3 runed translucent doors, HilariousDeathArtist's ghost, journeyman SpSk


Message History

The death yak gores you but does no damage.
You slash the death yak!
The death yak is severely wounded.
You closely miss the komodo dragon.
Brandogh hits the polar bear with a +0 flail.
The komodo dragon bites you but does no damage.
The polar bear bites Brandogh.
Brandogh blocks the polar bear's attack.
The polar bear claws Brandogh but does no damage.
You slice the death yak!!
The death yak is almost dead.
You hit the komodo dragon but do no damage.
Lightning courses through the komodo dragon!!
The death yak gores you!!
* * * LOW HITPOINT WARNING * * *
Brandogh hits the polar bear with a +0 flail!!
The polar bear dies!
Beogh accepts your kill. The komodo dragon bites you!!
You die...

..............≈▒▒
..............≈≈≈
..............≈≈≈
...............▒
.......††....≈▒▒
#..†.†.....≈≈ ▒▒
#.P.o†.##P≈≈ ≈P▒≈≈≈P
###Yl...# ≈▒▒≈≈▒≈≈≈≈
#.@....# ≈..≈≈▒≈≈≈≈
##....###.P≈≈≈▒▒≈PP
##.....##≈.≈≈≈ ≈≈P≈≈
#P.....##≈≈▒ ≈≈▒▒≈≈▒
##......#P≈▒▒P≈.▒≈≈▒
#........≈≈≈≈≈.P..≈
###.....#....#..≈#≈.
#......#.##### #≈≈#.
##......## # #.


You could see a death yak, a komodo dragon and the friendly Brandogh the orc
warlord.

Vanquished Creatures
  Kirke (Lair:5)
  A stone giant (Volcano)
  3 hydras
  2 two-headed ogres
  7 death yaks (Lair:6)
  An unseen horror (D:9)
  A glowing orange brain (Lair:5)
  12 elephants
  2 black mambas (Lair:4)
  A centaur zombie (D:11)
  2 gargoyles (Volcano)
  8 spiny frogs
  4 rime drakes
  3 komodo dragons
  An efreet (Volcano)
  2 polar bears (Lair:5)
  13 blink frogs
  6 hippogriffs
  A dream sheep (Lair:6)
  A spriggan (D:11)
  A shadow (D:11)
  6 wraiths
  11 yaks
  Sigmund (D:4)
  A wyvern (D:9)
  A fire elemental (Volcano)
  A basilisk (Lair:3)
  2 hogs (Lair:5)
  A vampire mosquito (D:7)
  A hell hound (Lair:1)
  An acid dragon (D:11)
  9 porcupines
  6 water moccasins
  5 orc warriors (D:9)
  8 ice beasts
  2 phantoms
  A sky beast (D:5)
  7 ogres
  6 wolves
  5 centaurs
  12 crocodiles
  Blork the orc (D:3)
  13 bullfrogs
  2 wyvern skeletons
  4 scorpions
  A killer bee (D:11)
  A wight (D:10)
  4 howler monkeys
  7 crimson imps
  A bullfrog zombie (D:11)
  6 hounds
  2 jellies
  2 bullfrog skeletons
  6 orc wizards
  2 iguanas
  Terence (D:3)
  6 worker ants
  A killer bee zombie (D:5)
  2 hound zombies
  A hound skeleton (D:9)
  A howler monkey zombie (D:11)
  3 gnolls (D:6)
  15 adders
  An adder zombie (D:5)
  An adder skeleton (D:9)
  4 worms
  2 dart slugs (D:2)
  5 leopard geckos
  22 orcs
  3 ball pythons
  8 bats
  8 giant cockroaches
  7 goblins
  14 hobgoblins
  14 jackals
  9 kobolds
  6 quokkas
  3 frilled lizards
  A jackal skeleton (D:6)
  2 jackal zombies (D:7)
  2 leopard gecko skeletons
  A leopard gecko zombie (D:7)
  13 rats
  7 fungi
  3 plants
378 creatures vanquished.

Vanquished Creatures (collateral kills)
  Gastronok (Lair:1)
  Josephine (Lair:5)
  A death yak (Lair:6)
  Nergalle (D:11)
  The ghost of toni2068 the Covert, a journeyman SpEn of Vehumet (Lair:1)
  A harpy (Lair:6)
  A manticore (D:11)
  An elephant (Lair:6)
  3 rime drakes
  2 komodo dragons
  2 spiny frogs
  A troll (D:11)
  A polar bear (Lair:6)
  2 hippogriffs
  3 blink frogs
  2 wyverns (Lair:6)
  4 yaks
  A basilisk (Lair:1)
  4 water moccasins
  A hell hound (Lair:1)
  A porcupine (Lair:1)
  2 orc warriors
  A phantom (D:8)
  4 wolves
  A centaur (Lair:3)
  3 crocodiles
  6 bullfrogs
  An orc priest (D:9)
  A worker ant (D:11)
  A worker ant zombie (D:11)
  4 orcs
  A quokka (D:10)
  A bush (Lair:4)
  2 fungi (Lair:1)
  2 plants (Lair:1)
65 creatures vanquished.

Vanquished Creatures (others)
  2 orc priests (D:9)
  17 orcs
  3 jackals (D:3)
  A quokka (D:3)
  A rat (D:3)
  2 fungi (Lair:4)
  3 plants (Lair:6)
29 creatures vanquished.

Grand Total: 472 creatures vanquished

Notes
Turn   | Place    | Note
-------+----------+-------------------------------------------
     0 | D:1      | silenth the Hill Orc Monk began the quest for the Orb.
     0 | D:1      | Reached XP level 1. HP: 19/19 MP: 1/1
   108 | D:1      | Reached XP level 2. HP: 24/27 MP: 2/2
   120 | D:1      | Reached skill level 4 in Fighting
   193 | D:1      | Reached skill level 5 in Axes
   284 | D:1      | Reached XP level 3. HP: 19/33 MP: 3/3
  1138 | D:2      | Reached XP level 4. HP: 30/41 MP: 4/4
  1593 | D:2      | Reached skill level 6 in Axes
  2358 | D:3      | Became a worshipper of Beogh the Brigand
  2358 | D:3      | Reached * piety under Beogh
  2358 | D:3      | Reached ** piety under Beogh
  2414 | D:3      | Noticed Terence
  2433 | D:3      | Killed Terence
  2433 | D:3      | Reached XP level 5. HP: 23/47 MP: 1/5
  2558 | D:3      | Reached skill level 1 in Invocations
  3257 | D:3      | Reached skill level 5 in Fighting
  3322 | D:4      | Noticed an ogre
  3326 | D:4      | Killed an ogre
  3326 | D:4      | Reached skill level 7 in Axes
  3326 | D:4      | Reached skill level 2 in Invocations
  3326 | D:4      | Reached XP level 6. HP: 56/56 MP: 0/7
  3327 | D:4      | Found Qoygguoq's Gadget Boutique.
  3328 | D:4      | Noticed a phantom
  3355 | D:3      | HP: 5/56 [poisoned by a worker ant]
  3571 | D:3      | Reached skill level 3 in Invocations
  3726 | D:3      | Reached skill level 8 in Axes
  3726 | D:3      | Reached XP level 7. HP: 40/62 MP: 9/9
  3991 | D:4      | Noticed Blork the orc
  4015 | D:3      | Killed Blork the orc
  4015 | D:3      | Reached skill level 6 in Fighting
  4023 | D:3      | Reached skill level 4 in Invocations
  4165 | D:4      | Found a staircase to the Ecumenical Temple.
  4331 | D:4      | Reached skill level 9 in Axes
  4465 | D:4      | Noticed Sigmund
  4468 | D:4      | Killed Sigmund
  4468 | D:4      | Reached XP level 8. HP: 71/71 MP: 11/11
  4755 | D:5      | Entered Level 5 of the Dungeon
  4779 | D:5      | Reached skill level 5 in Invocations
  4855 | D:5      | Reached skill level 10 in Axes
  4883 | D:5      | Reached skill level 7 in Fighting
  4989 | D:5      | Found a sacrificial altar of Ru.
  4989 | D:5      | Found a basalt altar of Yredelemnul.
  4990 | D:5      | Found a glowing silver altar of Zin.
  5059 | D:5      | Reached skill level 6 in Invocations
  5104 | D:5      | Reached skill level 11 in Axes
  5104 | D:5      | Reached XP level 9. HP: 21/80 MP: 9/13
  5933 | D:6      | Learned a level 1 spell: Confusing Touch
  5936 | D:6      | Learned a level 2 spell: Blink
  6257 | D:6      | Reached skill level 8 in Fighting
  6451 | D:6      | Reached *** piety under Beogh
  6469 | D:6      | Reached skill level 7 in Invocations
  6871 | D:7      | Noticed a two-headed ogre
  6877 | D:7      | Killed a two-headed ogre
  6877 | D:7      | Reached skill level 12 in Axes
  6877 | D:7      | Reached skill level 8 in Invocations
  7340 | D:7      | Reached skill level 9 in Fighting
  8086 | D:8      | Reached skill level 13 in Axes
  8086 | D:8      | Reached XP level 10. HP: 78/91 MP: 16/16
  8090 | D:8      | Reached skill level 1 in Shields
  8095 | D:8      | Found a shimmering altar of Xom.
  8107 | D:8      | Found a shimmering altar of Xom.
  8108 | D:8      | Found a shimmering altar of Xom.
  8111 | D:8      | Found a shimmering altar of Xom.
  8114 | D:8      | Found a shimmering altar of Xom.
  8116 | D:8      | Found a shimmering altar of Xom.
  8116 | D:8      | Found a shimmering altar of Xom.
  8443 | D:8      | Found a glowing golden altar of the Shining One.
  8443 | D:8      | Noticed a two-headed ogre
  8463 | D:8      | Killed a two-headed ogre
  8463 | D:8      | Reached skill level 2 in Shields
  8476 | D:8      | Reached skill level 9 in Invocations
  8701 | D:9      | Found a roughly hewn altar of Beogh.
  8701 | D:9      | Found a staircase to the Orcish Mines.
  8714 | D:9      | Reached skill level 3 in Shields
  8962 | D:9      | Found a runed translucent gate.
  9117 | D:9      | Noticed a +0 hand axe
  9118 | D:9      | Found a hide-covered altar of Uskayaw.
  9118 | D:9      | Noticed a +0 dagger
  9171 | D:9      | Found a runed translucent gate.
  9171 | D:9      | Found a runed translucent gate.
  9172 | D:9      | Noticed Dantiko's ghost (journeyman HOFi)
  9325 | D:9      | Reached skill level 14 in Axes
  9376 | D:9      | Found a staircase to the Lair.
  9431 | D:9      | Killed an unseen horror
  9431 | D:9      | Reached skill level 10 in Fighting
  9624 | D:10     | Entered Level 10 of the Dungeon
  9734 | D:10     | Reached skill level 4 in Shields
 10134 | D:10     | Reached XP level 11. HP: 99/100 MP: 18/18
 10603 | D:11     | Reached skill level 10 in Invocations
 10805 | D:11     | Reached skill level 15 in Axes
 10910 | D:11     | Found Uremubin's Antique Armour Shop.
 10947 | D:11     | Reached skill level 1 in Evocations
 10948 | D:11     | Noticed a manticore
 10955 | D:11     | Killed a manticore
 11026 | D:11     | Found a runed translucent gate.
 11026 | D:11     | Found a runed translucent gate.
 11027 | D:11     | Found a runed translucent gate.
 11029 | D:11     | Noticed a minotaur
 11037 | D:11     | Noticed HilariousDeathArtist's ghost (journeyman SpSk)
 11124 | D:11     | Found Imecwaa's Jewellery Shop.
 11285 | D:11     | Noticed Nergalle
 11287 | D:11     | Reached **** piety under Beogh
 11298 | D:11     | Killed Nergalle
 11298 | D:11     | Reached skill level 2 in Evocations
 11299 | D:11     | Found Muylieso's Armour Boutique.
 11363 | D:11     | Found Plog's Weapon Shoppe.
 11371 | D:11     | Got a slimy mace
 11372 | D:11     | Identified the +2 mace of Severance {venom, *Corrode rN+
                  | Dex+3} (You found it on level 11 of the Dungeon)
 11474 | D:11     | Found Wurhunn's Food Emporium.
 11626 | Lair:1   | Entered Level 1 of the Lair of Beasts
 11701 | Lair:1   | Noticed Gastronok
 11712 | Lair:1   | Killed Gastronok
 11712 | Lair:1   | Reached skill level 11 in Fighting
 11712 | Lair:1   | Reached skill level 3 in Evocations
 11724 | Lair:1   | Reached skill level 11 in Invocations
 11736 | Lair:1   | Found a runed translucent door.
 11737 | Lair:1   | Noticed toni2068's ghost (journeyman SpEn)
 12160 | Lair:1   | Reached skill level 16 in Axes
 12162 | Lair:1   | Found a dark tunnel.
 12168 | Volcano  | Entered a volcano
 12208 | Volcano  | Noticed a stone giant
 12216 | Volcano  | Killed a stone giant
 12216 | Volcano  | Reached skill level 4 in Evocations
 12216 | Volcano  | Reached XP level 12. HP: 54/110 MP: 13/20
 12244 | Volcano  | Identified a +1 pair of boots of running (You found it in a
                  | volcano)
 12275 | Volcano  | Reached skill level 1 in Armour
 12362 | Volcano  | Reached skill level 2 in Armour
 12648 | Lair:1   | Killed toni2068's ghost
 12648 | Lair:1   | Reached skill level 3 in Armour
 12651 | Lair:1   | Got a translucent platinum amulet
 12652 | Lair:1   | Identified the amulet "Natockan" {rPois rN+ Regen+ Str+10
                  | Dex-4} (You found it on level 1 of the Lair of Beasts)
 12773 | Lair:2   | Reached skill level 4 in Armour
 12885 | Lair:2   | Reached skill level 12 in Fighting
 12919 | Lair:2   | Reached skill level 12 in Invocations
 12933 | Lair:2   | Reached skill level 1 in Hexes
 13032 | Lair:2   | Reached skill level 5 in Armour
 13076 | Lair:2   | Noticed a four-headed hydra
 13086 | Lair:2   | Killed a four-headed hydra
 13134 | Lair:2   | Reached skill level 2 in Hexes
 13346 | Lair:3   | Reached skill level 1 in Translocations
 13423 | Lair:3   | Reached skill level 6 in Armour
 13447 | Lair:3   | Found a hole to the Spider Nest.
 13579 | Lair:3   | Noticed a five-headed hydra
 13584 | Lair:3   | Killed a five-headed hydra
 13584 | Lair:3   | Reached skill level 1 in Spellcasting
 13584 | Lair:3   | Reached skill level 2 in Translocations
 13588 | Lair:3   | Found a staircase to the Shoals.
 14066 | Lair:4   | Reached skill level 3 in Hexes
 14066 | Lair:4   | Reached XP level 13. HP: 106/119 MP: 22/22
 14184 | Lair:4   | Reached skill level 7 in Armour
 14187 | Lair:4   | Gained Brandogh as an ally
 14187 | Lair:4   | Reached skill level 3 in Translocations
 14458 | Lair:4   | Reached skill level 2 in Spellcasting
 15039 | Lair:5   | Noticed Josephine
 15051 | Lair:5   | Reached skill level 4 in Translocations
 15052 | Lair:5   | Killed Josephine
 15193 | Lair:5   | Noticed Kirke
 15202 | Lair:5   | Reached skill level 8 in Armour
 15203 | Lair:5   | Killed Kirke
 15203 | Lair:5   | Reached skill level 13 in Fighting
 15203 | Lair:5   | Reached skill level 13 in Invocations
 15540 | Lair:5   | Noticed Nessos
 15542 | Lair:5   | Noticed Nessos
 15542 | Lair:5   | Nessos changed into Nessos the glowing orange brain
 15550 | Lair:5   | Killed Nessos the glowing orange brain
 15655 | Lair:6   | Entered Level 6 of the Lair of Beasts
 15675 | Lair:6   | Reached skill level 3 in Spellcasting
 15722 | Lair:6   | Reached skill level 9 in Armour
 15932 | Lair:6   | Reached XP level 14. HP: 101/129 MP: 24/24
 15968 | Lair:6   | Reached skill level 10 in Armour
 16075 | Lair:6   | Reached skill level 4 in Spellcasting
 16088 | Lair:6   | Reached ***** piety under Beogh
 16091 | Lair:6   | Slain by a komodo dragon

Skill      XL: |  1  2  3  4  5  6  7  8  9 10 11 12 13 14 |
---------------+-------------------------------------------+-----
Fighting       | 4 5 6 7 9 10 11 12 13 | 13.7
Axes           | 5 6 7 8 9 11 13 14 16 | 16.0
Invocations    | 2 3 4 6 8 9 11 12 13 | 13.9
Shields        | 4 |  4.0
Evocations     | 4 |  4.0
Armour         | 6 9 10 | 10.5
Hexes          | 3 |  3.0
Translocations | 2 4 |  4.0
Spellcasting   | 1 3 4 |  4.0
Dodging        | |  2.4
Stealth        | |  1.5

Action                   |  1- 3 |  4- 6 |  7- 9 | 10-12 | 13-15 || total
-------------------------+-------+-------+-------+-------+-------++-------
Melee: Hand axe          |   100 |   209 |    36 |       |       ||   345
       War axe           |       |       |   273 |   398 |   214 ||   885
       Morningstar       |       |       |       |     2 |       ||     2
Invok: Smiting           |       |     5 |     5 |    16 |     5 ||    31
       Convert to Beogh  |       |     1 |       |       |       ||     1
Evoke: Wand              |       |     1 |     6 |     8 |     2 ||    17
  Use: Potion            |       |     5 |       |       |       ||     5
       Scroll            |       |       |    17 |    15 |     4 ||    36
 Stab: Sleeping          |     2 |     1 |       |       |       ||     3
       Distracted        |       |       |       |     1 |     1 ||     2
       Held in net/web   |       |       |       |     1 |       ||     1
  Eat: Chunk             |     1 |     6 |     4 |     5 |     5 ||    21
       Ration            |       |     1 |     2 |     5 |       ||     8
Armor: Robe              |    16 |    12 |       |       |       ||    28
       Scale mail        |       |    82 |   118 |   128 |   129 ||   457
Dodge: Dodged            |    83 |   131 |   132 |   135 |    95 ||   576
Block: Buckler           |       |       |     1 |    78 |    35 ||   114
